cohdb
Replays
Latest Replays
All Replays
Popular Replays
Top Player Replays
Match Explorer
How It Works
Community
CoH3 Stats
Reddit
Sign in to upload your games and track your stats! →
Sign in with Steam
Match 46145827
Unlisted
Match 46145827
Overview
Messages
Build Orders
End
Royal Engineer Section
Construct Section Command Post
Selects Heavy Armor Battlegroup
Dingo Light Scout Car
Infantry Section
Infantry Section
Infantry Section
Construct Platoon Command Post
Selects Rigorous Vehicle Training
Selects Light Vehicle Withdraw and Refit
Humber Armored Car
Royal Engineer Section
Humber Armored Car
Selects UNKNOWN (202330)
Humber Armored Car
6-pounder Anti-tank Gun Team
Infantry Training
Selects Forward Repair Assembly
Grenade Package
6-pounder Anti-tank Gun Team
Construct Company Command Post
Selects Churchill Black Prince Heavy Tank
Churchill Black Prince Heavy Tank
Selects Designate Targets
Herr Blautier
TBoR
EPHX_Valkyrion
janplzacihlar_cz
Adolf Hustler
JaDoBe
0
0
Comments
sign in to comment!
No comments posted yet!